cohdb
Replays
Latest Replays
All Replays
Popular Replays
Top Player Replays
Match Explorer
How It Works
Community
CoH3 Stats
Reddit
Sign in to upload your games and track your stats! →
Sign in with Steam
Match 39837030
Unlisted
Match 39837030
Overview
Messages
Build Orders
End
Royal Engineer Section
Construct Section Command Post
Selects Canadian Shock Battlegroup
Infantry Section
Infantry Section
Infantry Section
Construct Field Infirmary
Selects Attacking Spirit
Grenade Package
Selects Canadian Shock Section
Construct Platoon Command Post
Selects Incendiary Munitions
Humber Armored Car
Infantry Training
Selects Pyrotechnics
Canadian Shock Section
Construct Company Command Post
Crusader II Medium Tank
Foot Guards Section
Unlock M3 Grant Medium Tanks
Selects Churchill Crocodile Heavy Tank
Selects Point Assault
Churchill Crocodile Heavy Tank
M3 Grant Medium Tank
Matilda II Heavy Tank
Bootyquake
SneakyFridge
0
0
Comments
sign in to comment!
No comments posted yet!